 Dungeon Crawl Stone Soup version 0.21.0-25-ge575cb9 (webtiles) character file.

4564 komo4ek the Thaumaturge (level 10, -3/55 HPs)
             Began as a Deep Elf Air Elementalist on Jan 23, 2018.
             Was a Priest of Vehumet.
             Slain by a gnoll sergeant
             ... wielding a +3 halberd
              (12 damage)
             ... in a bailey.
             The game lasted 00:29:34 (10690 turns).

komo4ek the Thaumaturge (DEAE)                     Turns: 10690, Time: 00:29:36

Health: -3/55      AC:  4    Str: 11    XL:     10   Next: 18%
Magic:  16/26      EV: 17    Int: 28    God:    Vehumet [***...]
Gold:   365        SH:  0    Dex: 15    Spells: 13/30 levels left

rFire    . . .     SeeInvis .   z - staff of energy
rCold    + + .     Gourm    .   (no shield)
rNeg     . . .     Faith    .   B - +0 robe {rC+}
rPois    .         Spirit   .   (no helmet)
rElec    .         Reflect  .   (no cloak)
rCorr    .         Harm     .   j - +0 pair of gloves
MR       +....                  k - +0 pair of boots
Stlth    ++........             (no amulet)
HPRegen  0.18/turn              y - ring "Zemn" {rC+ Str+6 Int+4}
MPRegen  0.20/turn              (no ring)

@: no status effects
A: no striking features
a: Renounce Religion


You were in a bailey.
You worshipped Vehumet.
Vehumet was most pleased with you.
You were not hungry.

You visited 2 branches of the dungeon, and saw 9 of its levels.
You also visited: Bailey.

You collected 365 gold pieces.

Inventory:

Hand Weapons
 i - a +1 dagger of venom
Armour
 a - a +0 robe
 j - a +0 pair of gloves (worn)
 k - a +0 pair of boots (worn)
 B - a +0 robe of cold resistance (worn)
 D - a +0 helmet
 K - a +1 hat of magic resistance
Magical Staves
 z - an uncursed staff of energy (weapon)
Jewellery
 u - an uncursed amulet of regeneration
 y - the ring "Zemn" (left hand) {rC+ Str+6 Int+4}
   (You found it on level 6 of the Dungeon)

   [ring of intelligence]

   It affects your strength (+6).
   It affects your intelligence (+4).
   It protects you from cold.
Wands
 F - a wand of flame (44)
Scrolls
 f - 2 scrolls of immolation
 g - 3 scrolls of enchant armour
 h - a scroll of magic mapping {unknown}
 l - a scroll of remove curse {unknown}
 m - a scroll of fog {unknown}
 p - 5 scrolls of teleportation
 r - 2 scrolls of fear
 s - a scroll of enchant weapon {unknown}
 A - 5 scrolls of identify
 C - a scroll of amnesia {unknown}
 I - a scroll of random uselessness {unknown}
Potions
 d - 3 potions of curing
 e - 3 potions of ambrosia {unknown}
 n - 3 potions of degeneration {unknown}
 o - 2 potions of flight {unknown}
 q - 3 potions of lignification {unknown}
 t - a potion of brilliance {unknown}
 v - a potion of agility
 w - a potion of haste {unknown}
 x - a potion of cancellation
 E - a potion of magic
 H - a potion of might
Books
 b - a book of Air

   Spells                             Type                      Level
   a - Shock                          Conjuration/Air              1
   b - Swiftness                      Charms/Air                   2
   c - Static Discharge               Conjuration/Air              3
   d - Airstrike                      Air                          4
   e - Lightning Bolt                 Conjuration/Air              5
 G - a book of Cantrips

   Spells                             Type                      Level
   a - Confusing Touch                Hexes                        1
   b - Animate Skeleton               Necromancy                   1
   c - Summon Small Mammal            Summoning                    1
   d - Apportation                    Translocation                1
Comestibles
 c - 6 rations
 J - 2 chunks of flesh


   Skills:
 + Level 2.8 Fighting
 + Level 8.3 Dodging
 - Level 2.4 Stealth
 + Level 10.9 Spellcasting
 + Level 7.3 Conjurations
 - Level 8.0 Air Magic


You had 13 spell levels left.
You knew the following spells:

 Your Spells              Type           Power        Failure   Level  Hunger
a - Shock                 Conj/Air       ####         1%          1    None
b - Swiftness             Chrm/Air       #####...     1%          2    None
c - Static Discharge      Conj/Air       ######..     1%          3    None
d - Airstrike             Air            ######....   1%          4    None
e - Throw Flame           Conj/Fire      #####.       1%          2    None
f - Lightning Bolt        Conj/Air       ######....   1%          5    None


Dungeon Overview and Level Annotations

Branches:
Dungeon (8/15)             Temple (1/1) D:4
   Lair: D:8-11

Altars:
Ashenzari
Cheibriados
Dithmenos
Fedhas
Gozag
Hepliaklqana
Kikubaaqudgha
Makhleb
Nemelex Xobeh
Okawaru
Qazlal
Ru
Sif Muna
Trog
Vehumet
Wu Jian
Xom
Yredelemnul
Zin
The Shining One

Shops:
D:7 *

Annotations:
D:7 Ratty's ghost, novice CeHu


Message History

a halberd; a plate armour The gnoll sergeant hits you with an enchanted halberd.
* * * LOW HITPOINT WARNING * * *
There is an open door here.
Things that are here:
a halberd; a chain mail; a gnoll skeleton
Casting: Shock
Confirm with . or Enter, or press ? or * to list all spells.
The gnoll sergeant is struck by lightning.
The gnoll sergeant is moderately wounded.
The lightning arcs!
The gnoll shaman is struck by lightning.
You kill the gnoll shaman!
Vehumet accepts your kill.
You feel your power returning.
The lightning arcs!
The gnoll sergeant is struck by lightning.
The gnoll sergeant is heavily wounded.
The lightning grounds out.
The gnoll sergeant hits you with an enchanted halberd!
You die...

♣≈ 8... ##'##....8#
♣≈ ....##...##....#
♣≈ .)##.....##...# ♣≈
.)#.......#...#
♣≈###)#...8...#...#
#...#.......#...#
#..g##.....##)..#≈♣ ♣
#....##.).##....#≈♣
♣≈#8..(g##@##.)..8#≈♣
♣≈#.....#g))#)....#≈♣
♣≈##....)...'))..##≈♣
♣≈.##..)#..(#)..##.≈♣
♣≈..#####...#####..≈♣
♣≈.................≈♣
♣≈≈...............≈≈♣
♣♣≈≈≈≈≈≈≈≈≈≈≈≈≈≈≈≈≈♣♣
♣♣♣♣♣♣♣♣♣♣♣♣♣♣♣♣♣♣♣


You could see a gnoll sergeant.

Vanquished Creatures
  Pikel (D:8)
  Grinder (D:6)
  2 hippogriffs (D:7)
  Sigmund (D:3)
  A spriggan (D:7)
  Eustachio (D:6)
  Menkaure (D:6)
  Duvessa (D:4)
  2 ice beasts
  A phantom (D:6)
  A necrophage (D:7)
  4 ogres
  A centaur (D:8)
  A crocodile (D:8)
  A big kobold (D:6)
  3 bullfrogs
  8 gnoll sergeants
  Dowan (D:3)
  6 crimson imps
  A quasit (D:6)
  A bullfrog zombie (D:5)
  5 hounds
  A centaur skeleton (D:6)
  An orc priest (D:8)
  An orc wizard (D:7)
  6 gnoll shamans (Bailey)
  2 iguanas (D:7)
  Natasha (thrice) (D:4)
  3 worker ants
  A worker ant zombie (D:5)
  18 gnolls
  6 adders
  A shadow imp (D:6)
  An ooze (D:6)
  An adder zombie (D:7)
  An adder skeleton (D:5)
  5 worms
  3 dart slugs
  2 leopard geckos
  20 orcs
  5 bats
  4 giant cockroaches
  6 goblins
  8 hobgoblins
  8 jackals
  11 kobolds
  A quokka (D:4)
  A ball python (D:4)
  4 frilled lizards
  A quokka zombie (D:5)
  5 rats
175 creatures vanquished.

Vanquished Creatures (others)
  2 slaves (D:8)
  A hound (D:8)
  A worker ant (D:8)
4 creatures vanquished.

Grand Total: 179 creatures vanquished

Notes
Turn   | Place    | Note
-------+----------+-------------------------------------------
     0 | D:1      | komo4ek the Deep Elf Air Elementalist began the quest for the Orb.
     0 | D:1      | Reached XP level 1. HP: 10/10 MP: 6/6
   427 | D:1      | Reached XP level 2. HP: 15/15 MP: 4/8
  1617 | D:2      | Learned a level 2 spell: Swiftness
  1633 | D:2      | Reached XP level 3. HP: 19/19 MP: 7/10
  2105 | D:2      | Reached skill level 4 in Spellcasting
  2460 | D:3      | Learned a level 3 spell: Static Discharge
  2480 | D:3      | Reached XP level 4. HP: 24/24 MP: 8/12
  2602 | D:3      | Noticed Sigmund
  3403 | D:4      | Found a staircase to the Ecumenical Temple.
  3411 | Temple   | Entered the Ecumenical Temple
  3504 | Temple   | Became a worshipper of Vehumet
  3584 | D:4      | Noticed an ogre
  3592 | D:4      | Killed an ogre
  3592 | D:4      | Reached skill level 5 in Air Magic
  3592 | D:4      | Reached XP level 5. HP: 28/28 MP: 4/14
  3596 | D:4      | Reached skill level 5 in Spellcasting
  3645 | D:4      | Noticed Duvessa
  3712 | D:3      | Killed Sigmund
  3712 | D:3      | Reached XP level 6. HP: 17/32 MP: 8/16
  3831 | D:4      | Killed Duvessa
  3831 | D:4      | Reached skill level 6 in Spellcasting
  3851 | D:4      | Noticed Dowan
  4171 | D:3      | Killed Dowan
  4171 | D:3      | Reached XP level 7. HP: 29/36 MP: 12/18
  4361 | D:4      | Noticed Natasha
  4366 | D:4      | Killed Natasha
  4517 | D:4      | Noticed Natasha
  4524 | D:4      | Killed Natasha
  4691 | D:4      | Noticed Natasha
  4694 | D:4      | Killed Natasha
  4744 | D:5      | Entered Level 5 of the Dungeon
  4786 | D:5      | Reached * piety under Vehumet
  4786 | D:5      | Offered knowledge of Magic Dart by Vehumet.
  4888 | D:5      | Learned a level 4 spell: Airstrike
  5256 | D:5      | Reached skill level 7 in Spellcasting
  5919 | D:6      | Reached XP level 8. HP: 35/41 MP: 10/20
  5976 | D:6      | Noticed Eustachio
  5987 | D:6      | Killed Eustachio
  6195 | D:6      | Noticed Grinder
  6201 | D:6      | Killed Grinder
  6201 | D:6      | Reached skill level 8 in Spellcasting
  6284 | D:6      | Found an ornate altar of the Wu Jian Council.
  6381 | D:6      | Reached skill level 5 in Dodging
  6451 | D:6      | Got a steaming amber ring
  6457 | D:6      | Identified the ring "Zemn" {rC+ Str+6 Int+4} (You found it on level 6 of the Dungeon)
  6700 | D:6      | Noticed Menkaure
  6708 | D:6      | Killed Menkaure
  6812 | D:6      | Reached skill level 9 in Spellcasting
  6812 | D:6      | Reached XP level 9. HP: 45/45 MP: 16/24
  6979 | D:6      | Reached ** piety under Vehumet
  6979 | D:6      | Offered knowledge of Throw Flame by Vehumet.
  6983 | D:6      | Learned a level 2 spell: Throw Flame
  7305 | D:7      | Reached skill level 5 in Conjurations
  7318 | D:7      | Noticed Ratty's ghost (novice CeHu)
  8137 | D:7      | Learned a level 5 spell: Lightning Bolt
  8451 | D:7      | Found Woihef's Assorted Antiques.
  8507 | D:7      | Reached skill level 10 in Spellcasting
  8738 | D:7      | Reached skill level 1 in Fighting
  9114 | D:7      | Found a shimmering altar of Xom.
  9417 | D:8      | Noticed Pikel
  9427 | D:8      | Killed Pikel
  9697 | D:8      | Found a flagged portal.
  9705 | Bailey   | Entered a bailey
  9821 | Bailey   | Offered knowledge of Dazzling Spray by Vehumet.
  9821 | Bailey   | Reached XP level 10. HP: 43/54 MP: 18/26
 10676 | Bailey   | Reached *** piety under Vehumet
 10690 | Bailey   | Slain by a gnoll sergeant

Skill      XL: |  1  2  3  4  5  6  7  8  9 |
---------------+----------------------------+-----
Air Magic      | 4 5 6 7 8 |  8.0
Spellcasting   | 4 5 6 7 9 10 | 10.9
Dodging        | 3 5 8 |  8.3
Conjurations   | 2 4 7 |  7.3
Fighting       | 2 |  2.8
Stealth        | |  2.4

Action                   |  1- 3 |  4- 6 |  7- 9 | 10-12 || total
-------------------------+-------+-------+-------+-------++-------
Melee: Dagger            |     4 |    11 |     2 |       ||    17
 Cast: Shock             |    85 |    71 |   270 |    49 ||   475
       Static Discharge  |       |     6 |    35 |    11 ||    52
       Throw Flame       |       |       |    12 |    13 ||    25
       Airstrike         |       |       |     3 |       ||     3
       Lightning Bolt    |       |       |     1 |       ||     1
  Use: Potion            |       |     6 |       |       ||     6
       Scroll            |       |       |     4 |     1 ||     5
  Eat: Chunk             |     2 |     3 |     5 |     3 ||    13
       Ration            |     1 |     1 |     3 |       ||     5
Armor: Robe              |     4 |     3 |    12 |     2 ||    21
Dodge: Dodged            |    20 |    14 |    55 |    37 ||   126
